 Dungeon Crawl Stone Soup version 0.29.1-2-gbd0b4ee654 (webtiles) character file.

Game seed: 15370484393762337673

696 Peloso the Covered (level 7, -18/61 HPs)
             Began as a Minotaur Fighter on Nov 30, 2022.
             Demolished by an ogre
             ... wielding a +0 giant spiked club
              (24 damage)
             ... on level 4 of the Dungeon.
             The game lasted 00:06:04 (3464 turns).

Peloso the Covered (Minotaur Fighter)               Turns: 3464, Time: 00:06:05

Health: -18/61     AC: 11    Str: 20    XL:     7   Next: 37%
Magic:  6/6        EV:  8    Int:  5    God:
Gold:   149        SH:  5    Dex: 12    Spells: 6/6 levels left

rFire   . . .      SeeInvis .   a - +0 long sword
rCold   . . .      Faith    .   c - +0 buckler
rNeg    . . .      Spirit   .   r - +1 chain mail
rPois   +          Reflect  .   (helmet restricted)
rElec   .          Harm     .   (no cloak)
rCorr   .          Rampage  .   (no gloves)
Will    .....                   (no boots)
Stlth   ..........              (no amulet)
HPRegen 0.20/turn               g - ring of poison resistance
MPRegen 0.10/turn               (no ring)

@: no status effects
A: horns 2, retaliatory headbutt
a: no special abilities


You were on level 4 of the Dungeon.
You visited 1 branch of the dungeon, and saw 4 of its levels.

You collected 149 gold pieces.

Inventory:

Hand Weapons
 a - a +0 long sword (weapon)
Armour
 b - a +0 scale mail
 c - a +0 buckler (worn)
 r - a +1 chain mail (worn)
Jewellery
 g - a ring of poison resistance (left hand)
Wands
 s - a wand of iceblast (4)
Scrolls
 e - 6 scrolls of teleportation
 f - a scroll of enchant armour
 h - a scroll of summoning {unknown}
 i - a scroll of fear {unknown}
 j - a scroll of magic mapping {unknown}
 m - a scroll of amnesia {unknown}
 n - a scroll of acquirement {unknown}
Potions
 d - 3 potions of heal wounds
 k - 2 potions of ambrosia
 l - a potion of degeneration {unknown}
 o - 4 potions of brilliance {unknown}
 p - a potion of attraction {unknown}
 q - 2 potions of might
 t - 3 potions of curing {unknown}


   Skills:
 + Level 5.1 Fighting
 + Level 6.3 Long Blades
 + Level 6.4 Armour
 + Level 2.2 Dodging
 + Level 0.1 Stealth
 + Level 4.7 Shields


You had 6 spell levels left.
You didn't know any spells.
Your spell library contained the following spells:

 Spells                   Type           Power      Damage    Failure   Level
 Apportation              Tloc           0%         N/A       99%         1
 Beastly Appendage        Tmut           0%         N/A       99%         1
 Foxfire                  Conj/Fire      0%         2x1d4     99%         1
 Wereblood                Tmut           0%         N/A       100%        2
 Conjure Flame            Conj/Fire      0%         6-21      100%        3
 Inner Flame              Hex/Fire       0%         N/A       100%        3
 Spider Form              Tmut/Pois      0%         N/A       100%        3
 Flame Wave               Conj/Fire      0%         2d4       100%        4
 Alistair's Intoxication  Tmut/Pois      0%         N/A       100%        5


Dungeon Overview and Level Annotations

Branches:
Dungeon (4/15)
 Temple: D:4-7

Altars:
Gozag

Shops:
D:1 :

Annotations:
D:3 3 runed translucent doors, GorkyZ's ghost, amateur GrFi
D:4 1 runed translucent door, Crazy Yiuf


Innate Abilities, Weirdness & Mutations

You have a pair of horns on your head.
You reflexively headbutt those who attack you in melee.


Message History

The scorpion is almost dead.
The scorpion stings you but does no damage.
You block the scorpion's attack.
You slash the scorpion!
You kill the scorpion!
You see here a scorpion corpse.
You see here a scorpion corpse.
You pick up a book of Flames and begin reading...
You add the spells Foxfire, Conjure Flame, Inner Flame and Flame Wave to your library.
You see here a scorpion corpse.
Found a hammer.
Found a runed translucent door.
Crazy Yiuf shouts!
Crazy Yiuf cries, "Mugger!
East hog high."
Found a stone staircase leading down.
There is a stone staircase leading down here.
An ogre comes into view. It is wielding a +0 giant spiked club.
Found a stone staircase leading up.
The ogre shouts!
An ogre is nearby!
An ogre is nearby!
You block the ogre's attack.
You hit the ogre. You headbutt the ogre.
The ogre is moderately wounded.
You slash the ogre!
The ogre is heavily wounded.
The ogre hits you with a +0 giant spiked club!!
Ouch! That really hurt!
You barely miss the ogre.
The ogre is heavily wounded.
The ogre hits you with a +0 giant spiked club!!
* * * LOW HITPOINT WARNING * * *
You hit the ogre. Your headbutt misses the ogre.
The ogre is severely wounded.
The ogre hits you but does no damage.
You hit the ogre but do no damage. You headbutt the ogre!
The ogre is almost dead.
You barely miss the ogre. Your headbutt misses the ogre.
The ogre is almost dead.
The ogre hits you with a +0 giant spiked club!!
You die...

##### ###...# #.....#
#.#...#######
#.##..>......
###<########.###########
......O@.....#
###.##########


You could see an ogre.

Vanquished Creatures
  Sigmund (D:2)
  Pargi (D:4)
  An ogre (D:4)
  2 scorpions (D:4)
  An orc priest (D:3)
  An orc wizard (D:4)
  Natasha (thrice) (D:2)
  4 adders
  A worm (D:2)
  A dart slug (D:2)
  8 orcs
  2 bats (D:1)
  8 endoplasms
  A giant cockroach (D:4)
  8 goblins
  8 hobgoblins
  6 jackals
  6 kobolds
  4 quokkas
  3 ball pythons
  3 frilled lizards
  4 rats
77 creatures vanquished.

Notes
Turn   | Place    | Note
-------+----------+-------------------------------------------
     0 | D:1      | Peloso the Minotaur Fighter began the quest for the Orb.
     0 | D:1      | Reached XP level 1. HP: 19/19 MP: 0/0
   178 | D:1      | Reached XP level 2. HP: 13/27 MP: 1/1
   629 | D:1      | Found Yqysisur's Book Emporium.
   823 | D:1      | Reached XP level 3. HP: 33/33 MP: 2/2
  1011 | D:2      | Noticed Sigmund
  1081 | D:2      | Killed Sigmund
  1082 | D:2      | Reached skill level 1 in Dodging
  1082 | D:2      | Reached XP level 4. HP: 40/41 MP: 3/3
  1082 | D:2      | Reached XP level 5. HP: 45/47 MP: 4/4
  1139 | D:2      | Noticed Natasha
  1147 | D:2      | Killed Natasha
  1148 | D:2      | Reached skill level 5 in Armour
  1413 | D:2      | Noticed Natasha
  1419 | D:2      | Killed Natasha
  1420 | D:2      | Reached XP level 6. HP: 42/53 MP: 5/5
  1716 | D:2      | Noticed Natasha
  1726 | D:2      | Killed Natasha
  1967 | D:3      | Reached skill level 5 in Long Blades
  2479 | D:3      | Found a runed translucent gate.
  2479 | D:3      | Found a runed translucent gate.
  2479 | D:3      | Found a runed translucent gate.
  2481 | D:3      | Found an opulent altar of Gozag.
  2482 | D:3      | Noticed GorkyZ's ghost (amateur GrFi)
  2482 | D:3      | Noticed an orc warrior
  2703 | D:4      | Noticed Pargi
  2714 | D:4      | Killed Pargi
  2782 | D:4      | Reached skill level 5 in Fighting
  2782 | D:4      | Reached XP level 7. HP: 15/61 MP: 6/6
  3419 | D:4      | Found a runed translucent door.
  3420 | D:4      | Noticed Crazy Yiuf
  3464 | D:4      | Demolished by an ogre

Illustrated notes

Levels and vault maps discovered:
D:1:      dpeg_arrival_radiant, layout_basic, serial_shops, shop
D:2:      minmay_diamond_boxcup, layout_basic, hex_tiny, uniq_natasha,
          uniq_sigmund
D:3:      layout_rooms, ebering_ghost_gozag
D:4:      layout_loops_ring, uniq_crazy_yiuf_cottage, uniq_pargi

Skill      XL: |  1  2  3  4  5  6  7 |
---------------+----------------------+-----
Fighting       | 4 5 |  5.1
Armour         | 4 5 6 |  6.4
Shields        | 4 |  4.7
Long Blades    | 4 5 6 |  6.3
Dodging        | 1 2 |  2.2
Stealth        | |  0.1

Action                   |  1- 3 |  4- 6 |  7- 9 || total
-------------------------+-------+-------+-------++-------
Melee: Long sword        |    57 |   103 |    38 ||   198
       Headbutt          |     5 |    21 |     7 ||    33
  Use: Potion            |     1 |       |       ||     1
       Scroll            |       |     4 |       ||     4
Armor: Scale mail        |    37 |    33 |       ||    70
       Chain mail        |       |    26 |    28 ||    54
Dodge: Dodged            |    48 |    48 |     6 ||   102
Block: Buckler           |    22 |    26 |     8 ||    56
